 Dungeon Crawl Stone Soup version 0.22-a0-458-gb446440 (webtiles) character file.

32 pk666 the Firebug (level 3, 0/19 HPs)
             Began as a Deep Elf Fire Elementalist on June 8, 2018.
             Engulfed by a cloud of steam (7 damage)
             ... on level 2 of the Dungeon.
             The game lasted 00:01:13 (942 turns).

pk666 the Firebug (Deep Elf Fire Elementalist)       Turns: 942, Time: 00:01:14

Health: 0/19       AC:  2    Str:  5    XL:     3   Next: 10%
Magic:  7/10       EV: 13    Int: 20    God:
Gold:   37         SH:  0    Dex: 15    Spells: 8/9 levels left

rFire    . . .     SeeInvis .   (no weapon)
rCold    . . .     Gourm    .   (no shield)
rNeg     . . .     Faith    .   a - +0 robe
rPois    .         Spirit   .   (no helmet)
rElec    .         Reflect  .   (no cloak)
rCorr    .         Harm     .   (no gloves)
MR       .....                  (no boots)
Stlth    ++........             (no amulet)
HPRegen  0.06/turn              (no ring)
MPRegen  0.12/turn              (no ring)

@: no status effects
A: no striking features
a: no special abilities


You were on level 2 of the Dungeon.
You were not hungry.

You visited 1 branch of the dungeon, and saw 2 of its levels.

You collected 37 gold pieces.

Inventory:

Armour
 a - a +0 robe (worn)
Scrolls
 d - a scroll of identify {unknown}
 f - a scroll of enchant armour {unknown}
 h - a scroll of fog {unknown}
 i - a scroll of enchant weapon {unknown}
 j - a scroll of magic mapping {unknown}
Potions
 b - a potion of curing {unknown}
 e - a potion of brilliance {unknown}
Comestibles
 c - 2 rations


   Skills:
 - Level 2.4 Dodging
 - Level 2.4 Stealth
 + Level 3.6 Spellcasting
 * Level 2.5 Conjurations
 + Level 3.6 Fire Magic


You had 8 spell levels left.
You knew the following spells:

 Your Spells              Type           Power        Failure   Level  Hunger
a - Flame Tongue          Conj/Fire      ###..        3%          1    None

Your spell library contained the following spells:

 Spells                   Type           Power        Failure   Level  Hunger
 Fireball                 Conj/Fire      ###.......   71%         5    ######.
 Conjure Flame            Conj/Fire      ###.....     11%         3    ###....
 Throw Flame              Conj/Fire      ###...       5%          2    ##.....
 Sticky Flame             Conj/Fire      ###.....     36%         4    ####...
 Inner Flame              Hex/Fire       ##......     19%         3    ###....


Dungeon Overview and Level Annotations

Branches:
Dungeon (2/15)

Altars:
Okawaru


Message History

The goblin barely misses you.
Casting: Flame Tongue (safe; 3% risk of failure)
Confirm with . or Enter, or press ? or * to list all spells.
Aiming: Flame Tongue (safe; 3% risk of failure)
Press: ? - help, Shift-Dir - straight line, f/p - goblin
Aim: a goblin, wielding an enchanted spear (steam)
The flame tongue hits the goblin.
You kill the goblin!
You are engulfed in a cloud of scalding steam.
You are engulfed in a cloud of scalding steam.
Ouch! That really hurt!
Casting: Flame Tongue (safe; 3% risk of failure)
Confirm with . or Enter, or press ? or * to list all spells.
Aiming: Flame Tongue (safe; 3% risk of failure)
Press: ? - help, Shift-Dir - straight line, f - goblin
Aim: a goblin, wielding a spear The flame tongue hits the goblin.
The goblin is heavily wounded.
You are engulfed in a cloud of scalding steam.
You die...

# #. ##.############
........≈g≈...#
#.......§≈≈.8.#
#..........8_8#
#.....@§§≈.8.#
##....§≈)≈...#
#####)########
#§##.##..# #####
.#####.#...#..###...#
...................#.#
#########...##.###...#
##.....# ##.##
#.########.#


You could see a goblin.

Vanquished Creatures
  An adder (D:2)
  An ooze (D:1)
  A ball python (D:2)
  A goblin (D:2)
  4 hobgoblins
  6 jackals (D:1)
  A bat (D:2)
  2 frilled lizards
17 creatures vanquished.

Notes
Turn   | Place    | Note
-------+----------+-------------------------------------------
     0 | D:1      | pk666 the Deep Elf Fire Elementalist began the quest for the Orb.
     0 | D:1      | Reached XP level 1. HP: 10/10 MP: 6/6
   316 | D:1      | Reached XP level 2. HP: 12/15 MP: 6/8
   729 | D:2      | Found an iron altar of Okawaru.
   734 | D:2      | Reached XP level 3. HP: 7/19 MP: 6/10
   942 | D:2      | Engulfed by a cloud of steam

Vault maps used:
D:1:      lightli_arrival_isolated_outpost
D:2:      minmay_diamond_boxcup, kennysheep_okawaru_gauntlet

Skill      XL: |  1  2 |
---------------+-------+-----
Conjurations   | 2 |  2.5
Dodging        | |  2.4
Stealth        | |  2.4
Spellcasting   | |  3.6
Fire Magic     | |  3.6

Action                   || total
-------------------------++-------
Melee: Unarmed           ||     1
 Cast: Flame Tongue      ||    35
Armor: Robe              ||     1
Dodge: Dodged            ||    18

Table legend:
 A = Spawn XP
 B = Non-spawn XP
 C = Spawn XP percentage of total XP
 D = Spawn monster count
 E = Non-spawn monster count
 F = Spawn count percentage of total count
 G = Total turns spent on level
                    A         B        C        D         E        F      G
               +---------+---------+-------+---------+---------+-------+---------
         Total |       0 |      47 |   0.0 |       0 |      17 |   0.0 |   942
               +---------+---------+-------+---------+---------+-------+---------
           D:1 |       0 |      24 |   0.0 |       0 |      10 |   0.0 |   580
           D:2 |       0 |      23 |   0.0 |       0 |       7 |   0.0 |   362
               +---------+---------+-------+---------+---------+-------+---------
